[ AOE2 MATCH · #504998985 ]
UnrankedSaracens vs Incas
Player's team · LOSS
Rival team · WIN
[ REPLAY ANALYSIS · EXTRACTED FROM THE RECORDED GAME ]
Feudal
9:55
Castle
22:21
Imperial
—
| APM avg | 39.4 |
| APM peak | 83 |
| eAPM avg | 17.0 |
| Villagers / military | 51 / 22 |
Focus
⚔️ 25.2% · 🌾 74.8%
Archer ×8 · Knight ×8 · Militia ×6
Feudal
10:07
Castle
23:21
Imperial
—
| APM avg | 56.0 |
| APM peak | 87 |
| eAPM avg | 26.8 |
| Villagers / military | 57 / 0 |
Focus
⚔️ 43.7% · 🌾 56.3%
Unknown (2550) ×44
Match map
Initial resources + every placement click. Lines = walls · curves = elevation contours. ◆ gold · ⬟ stone · ● berries · ✦ relic · ◌ wall gap
Your base· ✓ Closed at 22:21 · 53t walls · 1 gate(s)
Rocky_Nevermore's base· Open — unwalled flank
Smoothed initial terrain · ◌ = detected wall gap · hover for details
Inputs per minute
— pablo.okis - - Rocky_Nevermore
Build order — pablo.okis
115 actions detected in the replay
| 0:00 | Queue | Villager (Male) |
| 0:01 | Queue | Villager (Male) |
| 0:01 | Queue | Villager (Male) |
| 0:01 | Queue | Villager (Male) |
| 0:01 | Queue | Villager (Male) |
| 0:03 | Build | House |
| 0:05 | Build | House |
| 1:31 | Queue | Villager (Male) |
| 1:31 | Queue | Villager (Male) |
| 2:03 | Queue | Villager (Male) |
| 2:04 | Queue | Villager (Male) |
| 2:20 | Queue | Villager (Male) |
| 2:20 | Queue | Villager (Male) |
| 2:47 | Build | Lumber Camp |
| 2:48 | Queue | Villager (Male) |
| 2:49 | Queue | Villager (Male) |
| 3:10 | Queue | Villager (Male) |
| 3:10 | Queue | Villager (Male) |
| 3:34 | Queue | Villager (Male) |
| 3:34 | Queue | Villager (Male) |
| 3:54 | Queue | Villager (Male) |
| 3:54 | Queue | Villager (Male) |
| 3:57 | Build | House |
| 3:58 | Build | House |
| 4:26 | Queue | Villager (Male) |
| 4:26 | Queue | Villager (Male) |
| 4:26 | Queue | Villager (Male) |
| 4:53 | Queue | Villager (Male) |
| 4:54 | Queue | Villager (Male) |
| 5:17 | Queue | Villager (Male) |
| 5:18 | Queue | Villager (Male) |
| 5:46 | Queue | Villager (Male) |
| 5:58 | Build | Barracks |
| 6:10 | Queue | Villager (Male) |
| 6:39 | Build | Barracks |
| 6:56 | Queue | Villager (Male) |
| 6:56 | Queue | Villager (Male) |
| 6:59 | Research | Loom |
| 7:45 | Research | Feudal Age |
| 7:58 | Queue | Militia |
| 7:58 | Queue | Militia |
| 7:58 | Queue | Militia |
| 8:07 | Build | Mining Camp |
| 8:58 | Queue | Militia |
| 8:58 | Queue | Militia |
| 9:14 | Queue | Militia |
| 9:55 | Age | Feudal Age |
| 9:59 | Build | Archery Range |
| 10:14 | Build | Mill |
| 10:16 | Research | Man-at-Arms (upgrade) |
| 10:53 | Queue | Villager (Male) |
| 10:53 | Queue | Villager (Male) |
| 11:21 | Queue | Villager (Male) |
| 11:51 | Queue | Archer |
| 11:52 | Queue | Archer |
| 12:11 | Build | Market |
| 12:13 | Build | House |
| 12:22 | Queue | Villager (Male) |
| 12:22 | Queue | Villager (Male) |
| 12:39 | Queue | Villager (Male) |
| 12:39 | Queue | Villager (Male) |
| 13:28 | Queue | Villager (Male) |
| 13:28 | Queue | Villager (Male) |
| 13:37 | Build | Blacksmith |
| 13:38 | Build | House |
| 14:00 | Queue | Archer |
| 14:22 | Queue | Villager (Male) |
| 14:22 | Queue | Villager (Male) |
| 14:34 | Build | Palisade Wall |
| 14:55 | Build | House |
| 14:57 | Build | House |
| 14:59 | Queue | Villager (Male) |
| 14:59 | Queue | Villager (Male) |
| 15:00 | Queue | Archer |
| 15:00 | Queue | Archer |
| 15:14 | Build | Palisade Wall |
| 15:19 | Build | Farm |
| 15:20 | Build | Farm |
| 15:21 | Build | Farm |
| 15:27 | Queue | Archer |
| 15:27 | Queue | Archer |
| 15:42 | Build | Palisade Wall |
| 15:47 | Queue | Archer |
| 16:13 | Build | Palisade Gate |
| 16:18 | Build | Palisade Wall |
| 16:20 | Build | Palisade Wall |
| 16:21 | Queue | Villager (Male) |
| 16:32 | Queue | Villager (Male) |
| 16:32 | Queue | Villager (Male) |
| 17:07 | Queue | Villager (Male) |
| 17:08 | Queue | Villager (Male) |
| 17:08 | Queue | Villager (Male) |
| 17:38 | Queue | Villager (Male) |
| 18:33 | Queue | Villager (Male) |
| 19:35 | Research | Castle Age |
| 19:36 | Research | Castle Age |
| 19:40 | Build | Market |
| 19:50 | Build | Palisade Wall |
| 20:18 | Build | Stable |
| 20:49 | Build | Market |
| 21:22 | Build | Stable |
| 22:04 | Research | Bloodlines |
| 22:14 | Build | Market |
| 22:21 | Age | Castle Age |
| 22:23 | Queue | Knight |
| 22:24 | Queue | Knight |
| 22:37 | Build | House |
| 22:55 | Research | Scale Barding Armor |
| 23:18 | Queue | Knight |
| 23:18 | Queue | Knight |
| 23:33 | Queue | Knight |
| 23:34 | Queue | Knight |
| 23:49 | Build | House |
| 24:42 | Queue | Knight |
| 24:42 | Queue | Knight |
Build order — Rocky_Nevermore
First 150 of 155 actions detected
| 0:00 | Queue | Villager (Male) |
| 0:01 | Queue | Villager (Male) |
| 0:02 | Build | House |
| 0:03 | Build | House |
| 0:20 | Queue | Villager (Male) |
| 0:34 | Queue | Villager (Male) |
| 1:13 | Queue | Villager (Male) |
| 1:50 | Queue | Villager (Male) |
| 2:05 | Queue | Villager (Male) |
| 2:26 | Queue | Villager (Male) |
| 3:04 | Queue | Villager (Male) |
| 3:06 | Build | Barracks |
| 3:22 | Queue | Villager (Male) |
| 3:49 | Queue | Villager (Male) |
| 4:01 | Queue | Unit 2550 |
| 4:02 | Queue | Unit 2550 |
| 4:28 | Queue | Villager (Male) |
| 4:44 | Queue | Villager (Male) |
| 5:27 | Queue | Villager (Male) |
| 5:27 | Queue | Villager (Male) |
| 5:42 | Queue | Villager (Male) |
| 5:44 | Queue | Villager (Male) |
| 6:22 | Queue | Villager (Male) |
| 6:33 | Queue | Unit 2550 |
| 6:33 | Queue | Unit 2550 |
| 6:54 | Queue | Villager (Male) |
| 7:05 | Build | Settlement |
| 7:06 | Queue | Villager (Male) |
| 7:36 | Queue | Villager (Male) |
| 7:52 | Research | Feudal Age |
| 8:25 | Queue | Unit 2550 |
| 8:48 | Queue | Villager (Male) |
| 8:57 | Queue | Villager (Male) |
| 9:03 | Build | Settlement |
| 9:10 | Queue | Unit 2550 |
| 9:42 | Queue | Villager (Male) |
| 9:57 | Queue | Villager (Male) |
| 10:07 | Age | Feudal Age |
| 10:16 | Research | Tech 1402 |
| 10:28 | Queue | Unit 2550 |
| 10:28 | Queue | Villager (Male) |
| 10:30 | Build | Farm |
| 10:50 | Queue | Villager (Male) |
| 10:53 | Build | Farm |
| 11:18 | Queue | Unit 2550 |
| 11:20 | Build | Farm |
| 11:36 | Queue | Villager (Male) |
| 11:38 | Build | Farm |
| 11:42 | Queue | Unit 2550 |
| 11:43 | Queue | Unit 2550 |
| 12:04 | Queue | Villager (Male) |
| 12:06 | Build | Farm |
| 12:14 | Build | Blacksmith |
| 12:33 | Queue | Unit 2550 |
| 12:34 | Queue | Villager (Male) |
| 12:37 | Build | Farm |
| 12:54 | Research | Loom |
| 13:12 | Queue | Villager (Male) |
| 13:14 | Build | Farm |
| 13:15 | Build | Farm |
| 13:15 | Build | Farm |
| 13:32 | Queue | Villager (Male) |
| 13:34 | Build | Palisade Wall |
| 13:46 | Queue | Villager (Male) |
| 13:50 | Queue | Unit 2550 |
| 13:50 | Queue | Villager (Male) |
| 13:53 | Build | Farm |
| 14:18 | Queue | Villager (Male) |
| 14:24 | Build | Farm |
| 14:38 | Queue | Villager (Male) |
| 14:45 | Research | Double-Bit Axe |
| 15:06 | Queue | Villager (Male) |
| 15:18 | Queue | Unit 2550 |
| 15:19 | Queue | Unit 2550 |
| 15:19 | Queue | Villager (Male) |
| 15:28 | Queue | Villager (Male) |
| 15:33 | Build | Farm |
| 15:40 | Build | Farm |
| 15:43 | Queue | Unit 2550 |
| 15:54 | Queue | Unit 2550 |
| 15:54 | Queue | Villager (Male) |
| 15:58 | Build | Farm |
| 16:08 | Research | Scale Mail Armor |
| 16:16 | Queue | Unit 2550 |
| 16:20 | Build | House |
| 16:24 | Build | Palisade Wall |
| 16:25 | Build | Palisade Wall |
| 16:29 | Build | Farm |
| 16:34 | Queue | Unit 2550 |
| 16:36 | Queue | Villager (Male) |
| 16:41 | Build | Farm |
| 16:47 | Build | Farm |
| 17:12 | Queue | Villager (Male) |
| 17:29 | Queue | Unit 2550 |
| 17:32 | Queue | Villager (Male) |
| 17:39 | Build | Settlement |
| 17:53 | Queue | Unit 2550 |
| 17:53 | Queue | Unit 2550 |
| 18:04 | Queue | Unit 2550 |
| 18:04 | Queue | Unit 2550 |
| 18:07 | Queue | Villager (Male) |
| 18:11 | Build | Barracks |
| 18:29 | Queue | Villager (Male) |
| 18:36 | Queue | Villager (Male) |
| 18:48 | Build | Farm |
| 18:49 | Build | Farm |
| 18:56 | Queue | Unit 2550 |
| 18:57 | Queue | Unit 2550 |
| 18:58 | Queue | Villager (Male) |
| 19:19 | Queue | Villager (Male) |
| 19:27 | Queue | Villager (Male) |
| 19:30 | Build | House |
| 19:31 | Build | Palisade Wall |
| 19:51 | Queue | Villager (Male) |
| 19:57 | Build | Market |
| 20:09 | Queue | Villager (Male) |
| 20:21 | Queue | Unit 2550 |
| 20:21 | Queue | Unit 2550 |
| 20:34 | Queue | Villager (Male) |
| 20:38 | Research | Castle Age |
| 20:45 | Queue | Unit 2550 |
| 20:54 | Queue | Unit 2550 |
| 20:54 | Queue | Unit 2550 |
| 21:08 | Build | Settlement |
| 21:16 | Build | Barracks |
| 21:25 | Research | Arson |
| 21:30 | Build | Farm |
| 21:31 | Build | Farm |
| 21:45 | Queue | Unit 2550 |
| 21:45 | Queue | Unit 2550 |
| 21:48 | Build | House |
| 21:54 | Research | Forging |
| 22:04 | Queue | Unit 2550 |
| 22:05 | Queue | Unit 2550 |
| 22:27 | Queue | Villager (Male) |
| 22:30 | Build | Farm |
| 22:36 | Queue | Unit 2550 |
| 22:36 | Queue | Unit 2550 |
| 23:19 | Queue | Unit 2550 |
| 23:19 | Queue | Unit 2550 |
| 23:19 | Queue | Unit 2550 |
| 23:21 | Age | Castle Age |
| 23:26 | Research | Tech 1351 |
| 23:47 | Queue | Villager (Male) |
| 23:57 | Research | Squires |
| 23:58 | Queue | Unit 2550 |
| 23:58 | Queue | Unit 2550 |
| 23:58 | Queue | Villager (Male) |
| 24:00 | Build | Farm |
| 24:01 | Queue | Villager (Male) |
Match timeline
| 3:06 | Rocky_Nevermore · first_building Barracks |
| 5:58 | pablo.okis · first_building Barracks |
| 9:55 | pablo.okis · age_up feudal |
| 9:59 | pablo.okis · first_building Archery Range |
| 10:07 | Rocky_Nevermore · age_up feudal |
| 13:34 | Rocky_Nevermore · wall_segment Palisade Wall x1 |
| 14:34 | pablo.okis · wall_segment Palisade Wall x9 |
| 15:14 | pablo.okis · wall_segment Palisade Wall x6 |
| 15:26 | pablo.okis · first_market_sell 100 stone |
| 15:42 | pablo.okis · wall_segment Palisade Wall x24 |
| 16:18 | pablo.okis · wall_segment Palisade Wall x7 |
| 16:20 | pablo.okis · wall_segment Palisade Wall x6 |
| 16:24 | Rocky_Nevermore · wall_segment Palisade Wall x5 |
| 16:25 | Rocky_Nevermore · wall_segment Palisade Wall x14 |
| 16:28 | pablo.okis · first_market_buy 100 food |
| 19:31 | Rocky_Nevermore · wall_segment Palisade Wall x3 |
| 19:50 | pablo.okis · wall_segment Palisade Wall x1 |
| 20:18 | pablo.okis · first_building Stable |
| 22:21 | pablo.okis · age_up castle |
| 23:21 | Rocky_Nevermore · age_up castle |
| 25:02 | Rocky_Nevermore · first_building Monastery |
| 25:10 | pablo.okis · resign |
[ AI ANALYSIS · 1 CREDIT ]
What really happened in this match?
Wolo.gg analyzes every decision: build order, eco, micro, common mistakes by bracket. Personalized analysis on WhatsApp or Discord in 30 seconds.
Civ guide
Saracens
Perfil
Jugador #8468109